 Dungeon Crawl Stone Soup version 0.21-a0-185-g3a6ed1e (webtiles) character file.

261 Lavandula the Cutter (level 6, -3/43 HPs)
             Began as a Formicid Artificer on Aug 12, 2017.
             Slain by Menkaure (13 damage)
             ... on level 4 of the Dungeon.
             The game lasted 00:10:01 (2257 turns).

Lavandula the Cutter (Formicid Artificer)           Turns: 2257, Time: 00:10:02

Health: -3/43      AC:  4    Str: 17    XL:     6   Next: 41%
Magic:  8/8        EV: 12    Int: 10    God:
Gold:   92         SH:  0    Dex: 13    Spells: 5/5 levels left

rFire    + . .     SeeInvis +   q - +0 dagger (venom)
rCold    . . .     Gourm    +   (no shield)
rNeg     . . .     Faith    .   u - +0 leather armour {rF+}
rPois    .         Spirit   .   (helmet unavailable)
rElec    .         Reflect  .   (no cloak)
rCorr    .         Harm     .   (no gloves)
MR       .....                  t - +0 pair of boots
Stlth    +.........             n - amulet of the gourmand
HPRegen  0.14/turn              (no ring)
MPRegen  0.11/turn              (no ring)

@: no status effects
A: permanent stasis, dig shafts and tunnels, four strong arms, antennae 3
a: Dig, Shaft Self


You were on level 4 of the Dungeon.
You were full.

You visited 1 branch of the dungeon, and saw 4 of its levels.
You also visited: Sewer.

You collected 92 gold pieces.

Inventory:

Hand Weapons
 a - a +0 short sword
 i - a +1 rapier of draining
 j - a +0 dagger
 q - a +0 dagger of venom (weapon)
 v - a +0 quarterstaff of crushing
Armour
 b - a +0 leather armour
 o - a +0 plate armour
 t - a +0 pair of boots (worn)
 u - a +0 leather armour of fire resistance (worn)
Jewellery
 n - an amulet of the gourmand (around neck)
Wands
 c - a wand of flame (12/48)
 d - a wand of enslavement (15/24)
 e - a wand of random effects (10/48)
Scrolls
 g - a scroll of immolation {vault}
 h - a scroll of magic mapping {vault}
 p - a scroll of remove curse
Potions
 k - a potion of curing
 l - a potion of degeneration {unknown}
 m - a potion of lignification {unknown}
 r - a potion of flight
 x - a potion of resistance {unknown}
Comestibles
 f - 2 bread rations
 s - a royal jelly
 w - a meat ration


   Skills:
 - Level 1.1 Fighting
 + Level 6.0 Short Blades
 - Level 1.7 Dodging
 - Level 1.2 Stealth
 - Level 3.2 Evocations


You had 5 spell levels left.
You didn't know any spells.

Dungeon Overview and Level Annotations

Branches:
Dungeon (4/15)
 Temple: D:4-7

Altars:

Annotations:
D:3 WhatIsLove's ghost, amateur DEFE
D:4 Menkaure


Innate Abilities, Weirdness & Mutations

You cannot be hasted, slowed, berserked, paralysed or teleported.
You can dig through walls and to a lower floor.
Your four strong arms can wield two-handed weapons with a shield.
You have a pair of large antennae on your head. (SInv)


Message History

Menkaure seems to speed up.
You hit the adder.
You kill the adder!
Menkaure closely misses you.
You hit Menkaure but do no damage.
Menkaure is heavily damaged.
You hit Menkaure but do no damage.
Menkaure is heavily damaged.
Menkaure hits you.
You hit Menkaure but do no damage.
Menkaure is heavily damaged.
Menkaure gestures at you while chanting.
Pain shoots through your body!
You hit Menkaure but do no damage.
Menkaure is heavily damaged.
Menkaure hits you!!
* * * LOW HITPOINT WARNING * * *
A worker ant comes into view.
Menkaure hits you!
You die...

. a. ## ... ##> ....##
#.. ....# ... #..###
#... #.@.## ##..#. .
###M.# ##..##. .. ##.#
######..###.
...######.###...........
.......................
.#...†......##.######.
###...(..#....# #. #.
##........#..## #.
#...#(...........# #.


You could see Menkaure and a worker ant (sleeping).

Vanquished Creatures
  2 bullfrogs (Sewer)
  A worker ant (D:4)
  5 adders
  An ooze (D:4)
  2 worms
  4 dart slugs
  5 leopard geckos
  4 ball pythons
  7 giant cockroaches
  2 goblins
  3 hobgoblins
  A kobold (D:2)
  6 bats
  9 frilled lizards
  2 rats (D:1)
54 creatures vanquished.

Vanquished Creatures (others)
  A hobgoblin (D:2)
  A bat (D:2)
2 creatures vanquished.

Grand Total: 56 creatures vanquished

Notes
Turn   | Place    | Note
-------+----------+-------------------------------------------
     0 | D:1      | Lavandula the Formicid Artificer began the quest for the Orb.
     0 | D:1      | Reached XP level 1. HP: 15/15 MP: 3/3
   374 | D:1      | Reached skill level 2 in Short Blades
   374 | D:1      | Reached XP level 2. HP: 19/21 MP: 4/4
   808 | D:2      | Reached XP level 3. HP: 22/26 MP: 5/5
   853 | D:2      | Reached skill level 3 in Short Blades
  1188 | D:3      | Identified a scroll of acquirement {vault}
  1409 | D:3      | Reached XP level 4. HP: 18/32 MP: 6/6
  1428 | D:3      | Found a glowing drain.
  1508 | Sewer    | Entered a sewer
  1717 | Sewer    | Reached skill level 4 in Short Blades
  1842 | Sewer    | Reached XP level 5. HP: 31/37 MP: 7/7
  1844 | Sewer    | Noticed a bullfrog
  1847 | Sewer    | Killed a bullfrog
  1847 | Sewer    | Reached skill level 5 in Short Blades
  1988 | Sewer    | Noticed a bullfrog
  1989 | Sewer    | Killed a bullfrog
  1989 | Sewer    | Reached XP level 6. HP: 43/43 MP: 8/8
  2061 | D:3      | Noticed WhatIsLove's ghost (amateur DEFE)
  2225 | D:4      | Reached skill level 6 in Short Blades
  2234 | D:4      | Noticed Menkaure
  2257 | D:4      | Slain by Menkaure

Vault maps used:
D:1:      dpeg_arrival_tiny_g, due_unseen_surprise
D:2:      first_bread, lemuel_flame_loot_1
D:3:      gammafunk_temple_overflow_statue, gup_sewer_entry_bubbles,
          minivault_14, uniq_terence
D:4:      uniq_menkaure
Sewer:    sewer_frog_island_01

Skill      XL: |  1  2  3  4  5  6 |
---------------+-------------------+-----
Short Blades   | 2 3 4 5 6 |  6.0
Fighting       | |  1.1
Dodging        | |  1.7
Stealth        | |  1.2
Evocations     | |  3.2

Action                   |  1- 3 |  4- 6 || total
-------------------------+-------+-------++-------
Melee: Dagger            |    95 |    90 ||   185
       Short sword       |     2 |       ||     2
       Rapier            |    10 |       ||    10
 Abil: Dig               |     1 |     3 ||     4
Evoke: Wand              |     1 |     7 ||     8
  Use: Scroll            |     6 |     1 ||     7
 Stab: Sleeping          |     3 |     1 ||     4
  Eat: Chunk             |     2 |     8 ||    10
Armor: Leather armour    |    27 |    15 ||    42
Dodge: Dodged            |    60 |    55 ||   115
